 Dungeon Crawl Stone Soup version 0.20.1 (webtiles) character file.

23 taytron the Caller (level 3, -2/24 HPs)
             Began as a Merfolk Summoner on July 2, 2017.
             Was a Follower of Zin.
             Slain by a hound (3 damage)
             ... on level 3 of the Dungeon.
             The game lasted 00:17:08 (1102 turns).

taytron the Caller (Merfolk Summoner)               Turns: 1102, Time: 00:17:09

Health: -2/24      AC:  2    Str:  8    XL:     3   Next: 0%
Magic:  4/6        EV: 13    Int: 15    God:    Zin [*.....]
Gold:   118        SH:  0    Dex: 14    Spells: 3/6 levels left

rFire    . . .     SeeInvis .   k - +0 dagger
rCold    . . .     Gourm    .   (no shield)
rNeg     . . .     Faith    .   a - +0 robe
rPois    .         Spirit   .   (no helmet)
rElec    .         Reflect  .   (no cloak)
rCorr    .         Harm     .   (no gloves)
MR       .....                  (no boots)
Stlth    ++........             (no amulet)
Regen    0.1/turn               (no ring)
MPRegen  0.1/turn               (no ring)

@: no status effects
A: change form in water, swift swim, stealthy swim
a: Recite, Donate Gold, Renounce Religion


You were on level 3 of the Dungeon.
You worshipped Zin.
Zin was aware of your devotion.
You were hungry.

You visited 1 branch of the dungeon, and saw 3 of its levels.

You collected 131 gold pieces.
You donated 13 gold pieces to Zin.

Inventory:

Hand Weapons
 e - a +0 mace
 f - a +0 hand axe
 k - a +0 dagger (weapon)
 x - a cursed -1 mace
 E - a +0 hunting sling
Missiles
 g - 99 stones (quivered)
 h - 47 sling bullets
 y - 33 poisoned needles
 B - 42 arrows
Armour
 a - a +0 robe (worn)
 d - a +0 buckler
 i - a +0 ring mail
 j - a +0 leather armour
 m - a +0 ring mail
 p - a cursed +0 ring mail
 q - a +0 plate armour
 r - a cursed +0 robe
 s - a +0 scale mail
 w - a +0 shield
 C - a +0 large shield
 I - a cursed +0 helmet
Scrolls
 n - a scroll of remove curse {unknown}
 t - a scroll of immolation {unknown}
 u - a scroll of teleportation {unknown}
 G - a scroll of identify {unknown}
 J - a scroll of amnesia {unknown}
Potions
 l - 2 potions of curing {unknown}
 o - a potion of resistance
 v - a potion of mutation {unknown}
 z - a potion of cancellation {unknown}
 A - a potion of lignification {unknown}
 D - a potion of berserk rage {unknown}
Books
 b - a book of Callings

   Spells                             Type                      Level
   a - Summon Small Mammal            Summoning                    1
   b - Call Imp                       Summoning                    2
   c - Call Canine Familiar           Summoning                    3
   d - Summon Guardian Golem          Hexes/Summoning              3
   e - Summon Lightning Spire         Summoning/Air                4
   f - Summon Ice Beast               Ice/Summoning                4
Comestibles
 c - 3 bread rations
 F - 2 meat rations
 H - a royal jelly


   Skills:
 + Level 2.8 Dodging
 + Level 2.3 Stealth
 + Level 2.3 Spellcasting
 + Level 4.4 Summonings


You had 3 spell levels left.
You knew the following spells:

 Your Spells              Type           Power        Failure   Level  Hunger
a - Summon Small Mammal   Summ           ###.         3%          1    #......
b - Call Imp              Summ           ###.....     4%          2    ###....


Dungeon Overview and Level Annotations

Branches:
Dungeon (3/15)

Altars:
Nemelex Xobeh
Okawaru
Zin


Message History

A bat comes into view.
The hound bites you but does no damage.
A hobgoblin comes into view. It is wielding a club.
The hobgoblin shouts!
The goblin closely misses you. The hound closely misses you.
The hobgoblin misses you. The hound bites you.
* * * LOW HITPOINT WARNING * * *
You open the large door. The hound bites you. Zin protects you from harm!
The hobgoblin hits you with a club.
* * * LOW HITPOINT WARNING * * *
The goblin misses you. The hound closely misses you.
There is a large open door here.
The hound bites you.
* * * LOW HITPOINT WARNING * * *
There's a creature in the doorway!
The hound barely misses you.
You open the door. The hound closely misses you. The hound bites you.
You die...

######### #### b........#
...# #.........#####...#
+.........@hgg'...#### ..
#.........####'....... ..
#..................... .
##.....................
####.##.....................
.....##.....................
................######+#....
.#####....(.....# ####
.....................


You could see a hound, a hobgoblin and a goblin.

Vanquished Creatures
  3 hobgoblins
  A jackal (D:3)
  3 bats (D:1)
  2 frilled lizards (D:1)
9 creatures vanquished.

Vanquished Creatures (collateral kills)
  A worm (D:2)
  2 hobgoblins
  A jackal (D:3)
  A quokka (D:2)
  A ball python (D:3)
  3 bats
  3 frilled lizards
  A kobold (D:1)
  5 rats
18 creatures vanquished.

Grand Total: 27 creatures vanquished

Notes
Turn   | Place    | Note
-------+----------+-------------------------------------------
     0 | D:1      | taytron the Merfolk Summoner began the quest for the Orb.
     0 | D:1      | Reached XP level 1. HP: 13/13 MP: 3/3
   182 | D:1      | Reached XP level 2. HP: 11/19 MP: 1/5
   452 | D:1      | Learned a level 2 spell: Call Imp
   513 | D:2      | Found a glowing silver altar of Zin.
   517 | D:2      | Found an iron altar of Okawaru.
   517 | D:2      | Found a sparkling altar of Nemelex Xobeh.
   538 | D:2      | Became a worshipper of Zin the Law-Giver
   591 | D:2      | Reached * piety under Zin
  1028 | D:3      | Reached XP level 3. HP: 24/24 MP: 2/6
  1096 | D:3      | Zin protects you from harm!
  1096 | D:3      | HP: 1/24 [hobgoblin/club (1)]
  1102 | D:3      | Slain by a hound

Action                   || total
-------------------------++-------
Melee: Dagger            ||    34
       Unarmed           ||     5
       Tailslap          ||     1
 Cast: Summon Small Mamm ||    56
  Use: Potion            ||     2
 Stab: Distracted        ||     1
  Eat: Chunk             ||     1
Armor: Robe              ||    16
Dodge: Dodged            ||    52
